 Dungeon Crawl Stone Soup version 0.27-a0-1147-gb3d8e82157 (webtiles) character file.

Game seed: 16009790282744072904

2 kae the Skirmisher (level 1, -3/18 HPs)
             Began as a Demonspawn Fighter on May 11, 2021.
             Slain by a goblin
             ... wielding a +0 club
              (4 damage)
             ... on level 1 of the Dungeon.
             The game lasted 00:00:04 (51 turns).

kae the Skirmisher (Demonspawn Fighter)               Turns: 51, Time: 00:00:05

Health: -3/18      AC:  6    Str: 16    XL:     1   Next: 25%
Magic:  1/1        EV:  6    Int:  9    God:
Gold:   0          SH:  8    Dex: 12    Spells: 0/0 levels left

rFire    . . .     SeeInvis .   a - +0 long sword
rCold    . . .     Faith    .   c - +0 kite shield
rNeg     . . .     Spirit   .   b - +0 scale mail
rPois    .         Reflect  .   (no helmet)
rElec    .         Harm     .   (no cloak)
rCorr    .         Rampage  .   (no gloves)
Will     .....                  (no boots)
Stlth    ..........             (no amulet)
HPRegen  0.06/turn              (no ring)
MPRegen  0.07/turn              (no ring)

@: no status effects
A: no striking features
a: no special abilities


You were on level 1 of the Dungeon.
You visited 1 branch of the dungeon, and saw 1 of its levels.

Inventory:

Hand Weapons
 a - a +0 long sword (weapon)
Armour
 b - a +0 scale mail (worn)
 c - a +0 kite shield (worn)
Potions
 d - a potion of might


   Skills:
 + Level 3.0 Fighting
 * Level 1.9 Long Blades
 - Level 2.6 Armour
 - Level 2.6 Shields


You couldn't memorise any spells.
You didn't know any spells.
Your spell library was empty.

Dungeon Overview and Level Annotations

Branches:
Dungeon (1/15)

Altars:


Message History

There are monsters nearby!
There are monsters nearby!
You are too injured to fight recklessly!
You are too injured to fight recklessly!
You are too injured to fight recklessly!
You are too injured to fight recklessly!
The kobold throws a stone.
You block the stone. You block the goblin's attack.
You open the door. The ball python closely misses you.
You riposte.
You barely miss the ball python. The ball python grabs you.
The ball python constricts you.
The goblin hits you but does no damage. x2
You escape the ball python's grasp.
There is an open door here.
You closely miss the ball python. The ball python closely misses you.
The ball python grabs you. The ball python constricts you.
The ball python bites you.
* * * LOW HITPOINT WARNING * * *
x2 The ball python constricts you.
You completely miss the ball python.
The ball python bites you but does no damage.
The ball python constricts you. You block the ball python's attack.
The ball python constricts you.
You hit the ball python.
You kill the ball python!
You block the goblin's attack.
You hit the goblin but do no damage. The goblin barely misses you.
The goblin hits you but does no damage.
You closely miss the goblin.
The ball python hisses angrily.
The goblin hits you with a +0 club.
* * * LOW HITPOINT WARNING * * *
You block the goblin's attack. x2
You hit the goblin.
You kill the goblin!
The goblin barely misses you.
You riposte.
You hit the goblin.
The goblin is heavily wounded.
You block the goblin's attack.
You barely miss the kobold. You block the kobold's attack.
You block the goblin's attack. The kobold hits you but does no damage.
The goblin hits you with a +0 club.
You die...

........#
........##############
........'...........>#
........##.########.##
........##.# #.#
........##.# ######.#######
.........#.###.............
.........g...+......##.....
.........#@###......≈≈≈≈§§§
.........#K###......≈8≈≈≈≈≈
.........Sg..##+###.≈≈8≈≈≈≈
########............≈≈≈#''#
#.....###.#..≈≈≈#..#
#............§≈≈#.<#
#.....####...§≈≈####
#.....# #...≈≈8≈§≈≈ #.....#
##..≈8≈≈§≈§


You could see 2 goblins, a ball python and a kobold.

Vanquished Creatures
  A goblin (D:1)
  A ball python (D:1)
2 creatures vanquished.

Notes
Turn   | Place    | Note
-------+----------+-------------------------------------------
     0 | D:1      | kae the Demonspawn Fighter began the quest for the Orb.
     0 | D:1      | Reached XP level 1. HP: 18/18 MP: 1/1
    51 | D:1      | Slain by a goblin

Illustrated notes

Levels and vault maps discovered:
D:1:      lightli_arrival_boilingwater, layout_basic, minmay_tetromino_i4

Action                   || total
-------------------------++-------
Melee: Long sword        ||    10
Armor: Scale mail        ||     5
Dodge: Dodged            ||     7
Block: Kite shield       ||    10
       Rpst.: Long sword ||     4

Table legend: (Time is in decaauts)
 A = Elapsed time spent in this place.
 B = Non-inter-level travel time spent in this place.
 C = Inter-level travel time spent in this place.
 D = Time resting spent in this place.
 E = Time spent auto-exploring this place.
 F = Levels seen in this place.
 G = Mean time per level.
                   A        B        C        D        E       F      G
               +--------+--------+--------+--------+--------+-----+--------+
         Total |     58 |     58 |      0 |      0 |     34 |   1 |   58.0 |
       Dungeon |     58 |     58 |      0 |      0 |     34 |   1 |   58.0 |
               +--------+--------+--------+--------+--------+-----+--------+

Top non-repeatable levels by time:
     D:1: 58 daAuts
